Unix NetHack Version 5.0.0-0 post-release - last build Jun 10 2026 00:39:30 (3ee93aec679c4c4259841fe613dc97188e26a321,branch:main).

Game began 2026-06-21 05:38:04, ended 2026-06-21 06:36:07.

LDaviesPeters, neutral female human Archeologist

                                                 ----------
                                                 |........|        -----------
                                               ##...>.....|        |%........|
                                               # |........|       #...%%%.%.%|
                                               # |........|       #|......%.%|
                      -------------            # |........+########|%%..%%.%.|
   -----------        |`...)......|            # ---|------       #-----------
   |.>.......|    `###...`^...`...|            #    ####          ##
   |.........|    #   |``..........#           #       ##          #
   |.........|   ##   |.d.......%.|#           #        #####      #
   |.........| ###    |`.```......|######## ####            ####   #
   |..........##      |ddd...`..``|#    ----#    ##########    #   #
   |.........|        --@-------+  #   |...|#    #    ----.----.---#
   -----------          de#############....|######    |..........<|#
                                #      |...|#         |...........-#
                                ####### ----#         |...........|
                                      #######         -------------

LDaviesPeters the Field Worker  St:13 Dx:10 Co:13 In:16 Wi:17 Ch:7  Neutral
Dlvl:4  $:2  HP:0(24) Pw:17(17) AC:3  Xp:3 T:2228 

Latest messages:
 You see here 2 gold pieces.
 $ - 2 gold pieces.
 You find a hidden door.
 The door resists!
 The door opens.
 With great effort you move the boulder.
 You descend the stairs.
 Really save? [yn] (n) y
 Saving...
 Restoring save file...
 Hello LDaviesPeters, the human Archeologist, welcome back to NetHack!
 You find a spiked pit.
 You climb up the stairs.
 The door opens.
 You are beginning to feel hungry.
 You climb up the stairs.
 What do you want to eat? [dmyG or ?*] ?
 This food really hits the spot!
 You finish eating the food ration.
 The gecko misses!
 You miss the gecko.
 You kill the gecko!
 You lash the floating eye.
 You are frozen by the floating eye's gaze!
 You hear a door open.
 You hear the footsteps of a guard on patrol.
 You hear a jackal howling at the moon.
 You hear a jackal howling at the moon.
 The werejackal bites!
 You avoid harm.
 The werejackal bites!
 The werejackal bites!
 The werejackal bites!
 The werejackal bites!
 The werejackal bites!
 The werejackal summons help!
 A jackal suddenly appears next to you!
 A jackal suddenly appears next to you!
 A jackal suddenly appears next to you!
 The werejackal just misses!
 The jackal bites!
 The jackal just misses!
 The jackal misses!
 The werejackal summons help!
 A jackal suddenly appears close by!
 A jackal suddenly appears close by!
 The werejackal bites!
 The jackal bites!
 You die...
 Do you want your possessions identified? [ynq] (y) q

Inventory:
 Coins    ('$')
  $ - 2 gold pieces
 Weapons  (')')
  a - a +2 bullwhip (weapon in right hand)
 Armor    ('[')
  u - an uncursed +0 dwarvish iron helm (being worn)
  c - an uncursed +0 fedora
  L - a cursed -1 pair of gauntlets of dexterity
  F - an uncursed +0 pair of leather gloves (being worn)
  n - an uncursed +0 cloak of protection (being worn)
  t - an uncursed +0 robe
  h - an uncursed +0 leather jacket (being worn)
 Comestibles  ('%')
  y - an uncursed slime mold
  m - an uncursed carrot
  d - 4 uncursed food rations
  G - an uncursed tripe ration
 Scrolls  ('?')
  x - a blessed scroll of teleportation
 Tools    ('(')
  b - an uncursed sack containing 6 items
  l - an uncursed oil lamp
  p - a +0 pick-axe
  f - a tinning kit (0:97)
 Gems/Stones  ('*')
  K - an uncursed aquamarine stone
  g - an uncursed touchstone

Contents of the sack:
  97 gold pieces
  an uncursed scroll of amnesia
  3 uncursed scrolls of identify
  an uncursed scroll of remove curse
  an uncursed potion of booze
  an uncursed potion of invisibility

LDaviesPeters the Archeologist's attributes:

Background:
 You were a Field Worker, a level 3 female human Archeologist.
 You were neutral, on a mission for Camaxtli
 who was opposed by Quetzalcoatl (lawful) and Huhetotl (chaotic).
 You were right-handed.
 You were in the Dungeons of Doom, on level 4.
 You entered the dungeon 2228 turns ago.
 You had 49 experience points, 31 more were needed to attain level 4.

Basics:
 You had 0 out of 24 hit points.
 You had all 17 energy points (spell power).
 Your armor class was 3.
 Your wallet contained 2 zorkmids, and
 you had 97 more stashed away in your pack.
 Autopickup was off.

Final Characteristics:
 Your strength was 13 (limit:18/100).
 Your dexterity was 10 (limit:18).
 Your constitution was 13 (limit:18).
 Your intelligence was 16 (limit:18).
 Your wisdom was 17 (limit:18).
 Your charisma was 7 (limit:18).

Final Status:
 You weren't hungry.
 You were unencumbered.
 You were wielding a whip.
 You had basic skill with whip.

Final Attributes:
 You were devoutly aligned.
 You had automatic searching.
 You were protected.
 You are dead.

Miscellaneous:
 You didn't encounter any bones levels.
 Total elapsed playing time was 21 minutes and 58 seconds.

Major events:
 Turn
    1: LDaviesPeters the neutral female human Archeologist entered the dungeon
 1369: entered the Gnomish Mines
 1738: attained the rank of Field Worker (level 3)
 2228: killed by a jackal, while frozen by a floating eye's gaze

You didn't know any spells.

Skills:
 Fighting Skills
   bare handed combat [Unskilled]
   two weapon combat  [Unskilled]
   riding             [Unskilled]
 Weapon Skills
   dagger             [Unskilled]
   knife              [Unskilled]
   pick-axe           [Basic]
   short sword        [Unskilled]
   saber              [Unskilled]
   club               [Unskilled]
   quarterstaff       [Unskilled]
   sling              [Unskilled]
   dart               [Unskilled]
   boomerang          [Unskilled]
   whip               [Basic]
   unicorn horn       [Unskilled]
 Spellcasting Skills
   attack spells      [Unskilled]
   healing spells     [Unskilled]
   divination spells  [Unskilled]
   matter spells      [Unskilled]

Voluntary challenges:
 Character rerolling was not enabled.
 You never genocided any monsters.
 You never polymorphed an object.
 You never changed form.
 You used no wishes.
Achievements:
 You entered a shop.
 You entered the Gnomish Mines.
 You attained the rank of Field Worker.

 The Dungeons of Doom: levels 1 to 6
    Level 1:
       A fountain.
    Level 2:
       An armor shop.
    Level 3:
       Many altars, some fountains.
    Level 4: <- You were here.
       Stairs down to The Gnomish Mines.
       Final resting place for
          you, killed by a jackal, while frozen by a floating eye's gaze.
    Level 5:
    Level 6:
 The Gnomish Mines:
    Level 5:


Vanquished creatures:
  a kitten
  a giant bat
 an iguana
  a large kobold
  a gnome
  a garter snake
  2 geckos
  6 jackals
  a fox
  2 sewer rats
  a lichen
  7 newts
25 creatures vanquished.

No species were genocided or became extinct.

Game over:
                       ----------
                      /          \
                     /    REST    \
                    /      IN      \
                   /     PEACE      \
                  /                  \
                  |  LDaviesPeters   |
                  |      99 Au       |
                  |   killed by a    |
                  |      jackal      |
                  |                  |
                  |                  |
                  |       2026       |
                 *|     *  *  *      | *
        _________)/\\_//(\/(/\)/\//\/|_)_______

Goodbye LDaviesPeters the Archeologist...

You died in The Dungeons of Doom on dungeon level 4 with 536 points,
and 99 pieces of gold, after 2228 moves.
You were level 3 with a maximum of 24 hit points when you died.

